Map: [ESL] Inside and Out

Players

Maru - Winner!

  • Race: Terran Terran
  • Spawn Location: 7:00

Solar

  • Race: Zerg Zerg
  • Spawn Location: 1:00

Event: DreamHack SC2 Masters 2022 Atlanta (Offline)

VOD

Have the link to the VOD?

Description

Time

  • Played on: Nov. 19, 2022, 7:31 p.m.
  • Length: 16:11

All games in this series

Show
View Real Time Build Order
Export as new Build Order

Maru Terran - Winner!

Build Orders:  

Get SALT Encoding   

  12  0:00  SCV  
  13  0:12  SCV  
  14  0:18  Supply Depot  
  14  0:24  SCV  
  15  0:40  Barracks  
  15  0:50  Barracks  
  15  0:54  SCV  
  16  1:06  SCV  
  16  1:08  Refinery  
  17  1:18  SCV  
  18  1:27  Marine  
  18  1:30  Orbital Command  
  19  1:35  Supply Depot  
  19  1:37  Marine  
  20  1:44  Marine  
  21  1:55  Marine  
  21  1:56  Bunker  
  21  2:00  SCV  
  23  2:03  Marine  
  23  2:14  Factory, Marine  
  24  2:16  SCV  
  24  2:21  Marine  
  26  2:28  SCV  
  27  2:32  Marine  
  24  2:41  SCV  
  25  2:46  Marine  
  25  2:53  SCV  
  25  2:58  Factory Reactor  
  26  3:01  Command Center  
  26  3:05  SCV  
  27  3:08  Marine  
  28  3:14  Starport  
  28  3:17  SCV  
  28  3:19  Refinery  
  28  3:22  Supply Depot  
  28  3:29  SCV  
  29  3:37  Hellion  
  31  3:44  SCV, Hellion  
  34  3:50  Medivac  
  36  3:57  SCV  
  36  4:00  Hellion  
  39  4:12  Hellion, Orbital Command  
  39  4:17  SCV  
  42  4:19  Armory  
  42  4:29  SCV  
  42  4:30  Supply Depot  
  45  4:31  Hellion  
  45  4:34  Hellion  
  45  4:38  Liberator  
  50  4:40  SCV  
  50  4:45  SCV  
  54  4:53  SCV, Hellion  
  54  4:57  SCV  
  54  4:59  Hellion  
  58  5:01  Barracks Tech Lab  
  58  5:04  Supply Depot  
  58  5:05  SCV  
  59  5:09  SCV  
  60  5:15  Hellion  
  62  5:22  SCV x2  
  62  5:26  Hellion  
  64  5:31  Stimpack, Marine  
  64  5:34  SCV x2  
  61  5:46  SCV x2  
  61  5:49  Marauder  
  63  5:50  Command Center  
  63  5:52  Hellion x2  
  62  5:58  SCV x2  
  62  6:10  SCV x2  
  58  6:11  Marine  
  58  6:12  Supply Depot  
  58  6:13  Barracks, Hellion  
  58  6:14  Barracks  
  58  6:16  Medivac  
  63  6:23  SCV x2  
  65  6:28  Engineering Bay  
  65  6:29  Engineering Bay, Marine  
  65  6:32  Refinery  
  66  6:35  SCV x2  
  65  6:47  SCV x2  
  65  6:48  Barracks  
  65  6:49  Starport Reactor  
  65  6:50  Barracks  
  65  6:52  Factory Tech Lab  
  65  6:53  Refinery  
  67  6:55  Terran Infantry Armor Level 1, Terran Infantry Weapons Level 1  
  67  6:56  Marine  
  68  7:02  Barracks Reactor x2  
  68  7:04  Orbital Command  
  68  7:05  SCV x2  
  70  7:11  Siege Tank  
  70  7:14  Combat Shield, Marine  
  74  7:20  SCV  
  71  7:30  Orbital Command  
  71  7:32  Marine  
  71  7:34  Barracks, Marine  
  71  7:35  Medivac x2, Marine  
  71  7:36  Barracks x2  
  76  7:42  Marine x3  
  76  7:43  Barracks Reactor  
  77  7:44  Siege Tank  
  77  7:49  Marine  
  77  7:50  Supply Depot, SCV  
  77  7:51  Supply Depot, SCV  
  81  7:54  Marine x3  
  81  7:58  SCV  
  85  8:02  Marine x2  
  87  8:07  Supply Depot, Marine x2  
  87  8:08  Supply Depot  
  87  8:12  Marine x3  
  92  8:17  Siege Tank  
  95  8:20  Supply Depot, SCV x3  
  95  8:26  Marine x3  
  101  8:28  Marine x2  
  101  8:29  Marine x4  
  101  8:30  Marine  
  101  8:33  Medivac  
  110  8:35  Medivac  
  110  8:37  Marine x2  
  114  8:43  Marine  
  114  8:44  Supply Depot, Marine x2  
  115  8:50  Siege Tank, Marine  
  115  8:53  Terran Infantry Weapons Level 2  
  119  8:57  Marine  
  119  8:58  Marine  
  121  9:04  Marine x9  
  121  9:07  Terran Infantry Armor Level 2  
  121  9:08  Supply Depot  
  130  9:10  Supply Depot  
  130  9:13  Marine  
  130  9:15  Marine  
  130  9:16  Marine  
  133  9:22  Marine x7  
  140  9:27  Marine x2  
  140  9:28  Orbital Command  
  140  9:31  Marine  
  139  9:32  Siege Tank, Marine  
  139  9:34  Marine  
  139  9:37  SCV  
  142  9:40  Marine x3  
  142  9:43  Marine x3  
  137  9:47  Marine x3  
  137  9:49  Marine  
  137  9:50  Marine  
  136  9:58  Marine  
  136  9:59  Marine x3  
  126  10:01  Marine x2  
  126  10:05  Siege Tank  
  108  10:11  Marine x5  
  108  10:14  Marine  
  103  10:19  Medivac, Marine  
  107  10:22  Marine  
  107  10:27  Marine x3  
  107  10:28  Marine  
  110  10:29  Marine x2  
  110  10:30  Marine  
  110  10:32  Marine  
  110  10:33  Marine  
  110  10:34  Marine  
  106  10:37  Marine  
  106  10:40  Marine  
  102  10:45  Marine x4  
  102  10:47  Marine  
  102  10:51  Marine x4  
  102  10:52  Marine  
  102  10:55  Marine  
  101  10:58  Marine  
  101  11:02  Liberator  
  101  11:03  Liberator, Marine x3  
  104  11:04  Siege Tank  
  104  11:11  Marine x6  
  109  11:12  Marine  
  114  11:20  Marine  
  114  11:21  Marine x2  
  114  11:22  Marine x2  
  106  11:28  Marine  
  106  11:29  Marine x5  
  106  11:30  Marine  
  107  11:38  Marine  
  107  11:39  Marine x3  
Show
View Real Time Build Order
Export as new Build Order

Solar Zerg 

Build Orders: Hatch First 

Get SALT Encoding   

  12  0:00  Drone  
  13  0:12  Overlord  
  13  0:17  Drone  
  14  0:30  Drone x2  
  16  0:47  Hatchery  
  15  0:51  Drone  
  15  0:54  Drone  
  17  0:59  Drone  
  18  1:08  Extractor  
  17  1:14  Spawning Pool  
  17  1:17  Drone  
  17  1:20  Drone  
  19  1:31  Drone  
  20  1:58  Extractor  
  20  2:00  Zergling x2  
  20  2:01  Zergling x6, Queen x2  
  27  2:13  Zergling x2  
  28  2:17  Overlord  
  24  2:30  Drone x2  
  24  2:34  Drone x2  
  26  2:41  Drone  
  27  2:47  Drone  
  28  2:55  Queen  
  28  2:57  Drone  
  31  3:02  Overlord  
  31  3:10  Drone x2  
  32  3:26  Drone  
  33  3:32  Metabolic Boost  
  33  3:34  Hatchery  
  33  3:36  Overlord  
  33  3:38  Drone  
  33  3:40  Drone  
  34  3:43  Drone  
  35  3:49  Drone  
  35  3:54  Queen, Overlord  
  38  3:59  Overlord  
  38  4:04  Drone x2  
  38  4:05  Drone  
  38  4:07  Drone  
  42  4:10  Drone  
  42  4:11  Drone  
  42  4:14  Zergling x2  
  45  4:17  Zergling x2  
  45  4:22  Drone x4  
  50  4:29  Zergling x2  
  51  4:32  Queen  
  51  4:34  Zergling x2  
  51  4:38  Overlord  
  54  4:39  Drone x2  
  54  4:42  Zergling x2  
  57  4:47  Queen  
  57  4:48  Drone x2  
  57  4:51  Drone x2  
  57  4:52  Spore Crawler  
  61  4:54  Drone x2  
  61  4:58  Drone  
  58  5:00  Drone  
  58  5:03  Drone  
  58  5:07  Drone  
  61  5:09  Drone x3  
  61  5:11  Drone  
  65  5:14  Queen  
  65  5:17  Drone x2  
  65  5:19  Drone x2  
  72  5:21  Drone  
  72  5:28  Overlord  
  72  5:34  Queen  
  72  5:35  Zergling x4  
  73  5:46  Overlord  
  73  5:47  Zergling x14  
  77  5:51  Zergling x6  
  77  5:54  Queen  
  77  5:56  Drone  
  76  5:59  Drone x2  
  73  6:05  Drone x2  
  75  6:11  Evolution Chamber  
  75  6:12  Drone  
  75  6:14  Drone, Extractor  
  75  6:18  Drone x2  
  77  6:20  Queen  
  79  6:27  Overlord  
  79  6:28  Drone  
  79  6:31  Drone  
  81  6:35  Drone  
  82  6:41  Drone x5  
  87  6:52  Zerg Ground Armor Level 1  
  87  6:53  Lair  
  87  6:54  Evolution Chamber  
  86  6:56  Baneling Nest, Drone x6, Extractor  
  86  6:58  Extractor x2  
  88  7:02  Hatchery  
  88  7:05  Drone, Overlord  
  88  7:06  Drone x3  
  91  7:10  Zergling x6  
  91  7:12  Drone  
  91  7:13  Drone  
  96  7:15  Drone  
  96  7:16  Drone  
  89  7:30  Drone x8  
  97  7:37  Zerg Melee Weapons Level 1  
  97  7:38  Drone x5  
  97  7:42  Drone  
  103  7:46  Drone  
  103  7:49  Zergling x2  
  105  7:51  Hatchery  
  105  7:53  Zergling x2  
  105  7:54  Centrifugal Hooks  
  105  7:57  Hydralisk Den, Overlord  
  105  7:58  Extractor  
  103  7:59  Baneling x5  
  103  8:00  Baneling  
  103  8:01  Baneling x3  
  103  8:03  Zergling x2  
  103  8:05  Zergling x2  
  104  8:06  Overlord  
  104  8:08  Zergling x2  
  104  8:10  Overlord  
  105  8:12  Overlord  
  105  8:15  Overseer, Queen  
  105  8:17  Drone x2  
  105  8:18  Drone  
  105  8:19  Zergling x2  
  111  8:21  Zergling x4, Drone  
  111  8:24  Baneling x3  
  111  8:27  Zergling x6  
  116  8:29  Grooved Spines  
  116  8:31  Drone  
  116  8:33  Hydralisk  
  116  8:34  Hydralisk  
  118  8:35  Hydralisk  
  118  8:40  Zergling x8  
  128  8:41  Zergling x4  
  128  8:43  Hydralisk  
  128  8:45  Zergling x2  
  128  8:47  Zergling x6  
  134  8:49  Zergling x4  
  134  8:55  Drone x3  
  139  8:57  Spore Crawler x2  
  139  8:58  Zerg Ground Armor Level 2  
  139  9:00  Baneling  
  139  9:01  Baneling x5  
  139  9:02  Zergling x6  
  140  9:07  Zergling x10  
  145  9:10  Zergling x6  
  145  9:13  Zergling x4  
  145  9:15  Overlord  
  145  9:16  Overlord  
  150  9:18  Baneling x4, Overlord  
  150  9:23  Overlord  
  147  9:26  Overlord x2  
  147  9:29  Overlord  
  141  9:31  Overlord  
  141  9:33  Zerg Melee Weapons Level 2, Baneling x7  
  141  9:34  Hydralisk  
  139  9:39  Zergling x14  
  139  9:44  Hydralisk  
  139  9:45  Hydralisk x2  
  146  9:47  Zergling x6  
  146  9:49  Zergling x4  
  130  10:01  Zergling x16  
  130  10:02  Zergling x2  
  118  10:11  Hydralisk x2  
  121  10:16  Hatchery  
  121  10:17  Muscular Augments  
  121  10:18  Baneling x5  
  121  10:21  Zergling x4  
  120  10:25  Hydralisk x2  
  120  10:28  Zergling x6  
  118  10:30  Zergling x2  
  118  10:31  Zergling x2  
  118  10:34  Hydralisk  
  106  10:36  Zergling x4  
  106  10:37  Zergling x2  
  106  10:38  Zergling x2  
  102  10:43  Hydralisk x2  
  102  10:49  Hydralisk x2  
  104  10:53  Zergling x4  
  104  10:54  Baneling x2  
  104  10:56  Zergling x4  
  96  10:58  Zergling x2  
  96  11:02  Zergling x2  
  96  11:03  Queen  
  95  11:04  Zergling x2  
  95  11:05  Hydralisk  
  95  11:07  Zergling x2  
  95  11:09  Hydralisk  
  101  11:11  Baneling x4  
  101  11:13  Zergling x2  
  97  11:21  Hydralisk x2  
  97  11:22  Hydralisk  
  97  11:25  Zergling x2  
  86  11:26  Hydralisk  
  86  11:29  Zergling x2  
  86  11:31  Zergling x2  
Tags
 
Add a new tag
Caveats
  • Supply blocks, unpowered buildings, or Contaminate may cause inaccurate times.
  • Supply counts are checked every 10 seconds.